 Dungeon Crawl Stone Soup version 0.21.1-1-g345015fe64 (webtiles) character file.

662089 KleinerIrrer the Axe Maniac (level 27, -6/189 (199) HPs)
             Began as a Formicid Fighter on Mar 16, 2018.
             Was the Champion of the Shining One.
             Mangled by an Executioner (14 damage)
             ... summoned by Ereshkigal
             ... on level 7 of Tartarus on Mar 17, 2018.
             The game lasted 06:17:22 (75355 turns).

KleinerIrrer the Axe Maniac (Formicid Fighter)     Turns: 75355, Time: 06:17:22

HP:   -6/189 (199)  AC: 43    Str: 40    XL:     27
MP:   14/28         EV: 11    Int: 10    God:    the Shining One [******]
Gold: 6821          SH: 33    Dex: 16    Spells: 26/26 levels left

rFire    + + +     SeeInvis +   Q - +9 executioner's axe (holy)
rCold    + + +     Gourm    .   U - +2 large shield "Raroosico" {rF+ rC+ rN+ Str+2}
rNeg     + + +     Faith    .   b - +12 gold dragon scales of Twilight {rPois rF+ rC+ Dex+4}
rPois    +         Spirit   .   (helmet unavailable)
rElec    +         Reflect  +   X - +0 cloak "Doemal" {Regen+ Slay+2}
rCorr    +         Harm     .   a - +1 pair of gloves of the Merchant {Str+6}
MR       ++++.                  z - +0 pair of boots "Fima" {rCorr}
Stlth    ..........             c - +2 amulet of reflection
HPRegen  0.81/turn              d - ring of Foixo {rElec MR+ Slay-3 Stlth+}
MPRegen  0.21/turn              u - ring "Ariwkooq" {rPois rF+ rC+ MR+}

@: very slightly contaminated, glowing, silenced
A: permanent stasis, dig shafts and tunnels, four strong arms, antennae 3, beak,
camouflage 1, agile 1, frail 1, low mp 1, subdued magic 1
}: 3/15 runes: barnacled, icy, gossamer
a: Dig, Shaft Self, Renounce Religion


You were on level 7 of Tartarus.
You worshipped the Shining One.
The Shining One was exalted by your worship.
You were hungry.

You visited 15 branches of the dungeon, and saw 67 of its levels.
You also visited: Labyrinth, Trove, Ossuary, Ice Cave and Wizlab.

You collected 8719 gold pieces.
You spent 1898 gold pieces at shops.

Inventory:

Hand Weapons
 v - the +2 mace of Mohaeps {crush, rF++ Stlth+}
   (You found it on level 7 of Cocytus)

   It inflicts extra damage upon your enemies.
   It greatly protects you from fire.
   It makes you more stealthy.
 H - the +7 war axe of Watchfulness {freeze, +Rage rPois MR+ Str-3}
   (You bought it in a shop on level 2 of the Elven Halls)

   It has been specially enchanted to freeze those struck by it, causing extra
   injury to most foes and up to half again as much damage against particularly
   susceptible opponents.
   It can also slow down cold-blooded creatures.
   It affects your strength (-3).
   It protects you from poison.
   It affects your resistance to hostile enchantments.
   It lets you go berserk.
 I - a +5 arbalest of flaming
 Q - a +9 executioner's axe of holy wrath (weapon)
 W - a +5 arbalest of freezing
Missiles
 y - 2006 bolts
Armour
 a - the +1 pair of gloves of the Merchant (worn) {Str+6}
   (You found it on level 1 of the Lair of Beasts)

   It affects your strength (+6).
 b - the +12 gold dragon scales of Twilight (worn) {rPois rF+ rC+ Dex+4}
   (You found it on level 6 of the Lair of Beasts)

   It affects your dexterity (+4).
   It protects you from fire.
   It protects you from cold.
   It protects you from poison.
 z - the +0 pair of boots "Fima" (worn) {rCorr}
   (You found it on level 3 of the Vaults)

   It protects you from acid and corrosion.
 C - a +2 crystal plate armour
 U - the +2 large shield "Raroosico" (worn) {rF+ rC+ rN+ Str+2}
   (You took it off a deep elf mage on level 3 of the Elven Halls)

   It affects your strength (+2).
   It protects you from fire.
   It protects you from cold.
   It protects you from negative energy.
 X - the +0 cloak "Doemal" (worn) {Regen+ Slay+2}
   (You bought it in a shop on level 2 of the Depths)

   It affects your accuracy and damage with ranged weapons and melee attacks
   (+2).
   It increases your rate of regeneration.
Jewellery
 c - a +2 amulet of reflection (around neck)
 d - the ring of Foixo (left hand) {rElec MR+ Slay-3 Stlth+}
   (You found it on level 1 of the Shoals)

   [ring of stealth]

   It affects your accuracy and damage with ranged weapons and melee attacks
   (-3).
   It insulates you from electricity.
   It affects your resistance to hostile enchantments.
   It makes you more stealthy.
 i - the amulet "Herghif" {Faith +Fly rF+ Str+4, unknown}
   (You found it on level 7 of Cocytus)

   [amulet of faith]

   It allows you to gain divine favour quickly.
   It affects your strength (+4).
   It protects you from fire.
   It lets you fly.
 u - the ring "Ariwkooq" (right hand) {rPois rF+ rC+ MR+}
   (You bought it in a shop on level 2 of the Orcish Mines)

   [ring of protection from cold]

   It protects you from fire.
   It protects you from cold.
   It protects you from poison.
   It affects your resistance to hostile enchantments.
Scrolls
 g - a scroll of torment
 j - 3 scrolls of fog
 l - 26 scrolls of remove curse
 n - 4 scrolls of fear
 o - 4 scrolls of identify
 q - 3 scrolls of holy word
 t - 2 scrolls of magic mapping
 A - a scroll of enchant armour
 B - a scroll of teleportation
 O - a scroll of summoning
Potions
 e - a potion of resistance
 k - a potion of haste
 m - a potion of magic
 p - 2 potions of cancellation
 s - 17 potions of curing
 G - 3 potions of flight
 T - 7 potions of agility
Books
 h - Piyw's Handbook of the Oath and Conjuration
   (You found it on level 7 of Tartarus)

   Spells                             Type                      Level
   a - Searing Ray                    Conjuration                  2
   b - Conjure Flame                  Conjuration/Fire             3
   c - Force Lance                    Conjuration/Translocation    4
   d - Venom Bolt                     Conjuration/Poison           5
   e - Yara's Violent Unravelling     Hexes/Transmutation          5
 r - a book of Alchemy

   Spells                             Type                      Level
   a - Sublimation of Blood           Necromancy                   2
   b - Ignite Poison                  Fire/Transmutation/Poison    3
   c - Petrify                        Transmutation/Earth          4
   d - Alistair's Intoxication        Transmutation/Poison         5
   e - Irradiate                      Conjuration/Transmutation    5
Miscellaneous
 w - a lightning rod (4/4)
 x - a lamp of fire
 D - a phantom mirror
 M - a box of beasts
 Z - a lightning rod (4/4)
Comestibles
 f - 48 rations


   Skills:
 + Level 19.6 Fighting
 O Level 27 Axes
 - Level 18.3 Crossbows
 + Level 22.0 Armour
 * Level 5.0 Dodging
 + Level 25.0 Shields
 - Level 12.0 Invocations
 - Level 10.1 Evocations


You had 26 spell levels left.
You didn't know any spells.

Dungeon Overview and Level Annotations

Branches:
Dungeon (15/15)            Temple (1/1) D:5            Lair (6/6) D:10
 Shoals (4/4) Lair:2       Spider (4/4) Lair:3        Slime (0/5) Lair:6
    Orc (2/2) D:9             Elf (3/3) Orc:2        Vaults (4/5) D:14
  Crypt (3/3) Vaults:2       Tomb (1/3) Crypt:3      Depths (5/5) D:15
   Hell (1/1)                 Dis (4/7) Hell            Geh (0/7) Hell
    Coc (7/7) Hell            Tar (7/7) Hell            Zot (0/5) Depths:5

Altars:
Ashenzari
Cheibriados
Dithmenos
Elyvilon
Fedhas
Gozag
Hepliaklqana
Kikubaaqudgha
Makhleb
Nemelex Xobeh
Okawaru
Qazlal
Ru
Sif Muna
Trog
Uskayaw
Vehumet
Wu Jian
Xom
Yredelemnul
Zin
The Shining One
Beogh
Jiyva

Shops:
D:4 (((   D:11 }   D:12 ?   D:15 *   Orc:2 **=!=   Elf:2 *   Shoals:2 *(}}
Vaults:4 !   Depths:1 :   Depths:2 [   Depths:3 =}=

Portals:
Hell: Depths:1 Depths:2 Depths:3 Depths:4 Depths:5
Abyss: Depths:3 Depths:4 Depths:5
Pandemonium: Depths:3
Ziggurat: Depths:2

Annotations:
Depths:2 1 runed door
Tar:7 Ereshkigal


Innate Abilities, Weirdness & Mutations

You cannot be hasted, slowed, berserked, paralysed or teleported.
You can dig through walls and to a lower floor.
Your four strong arms can wield two-handed weapons with a shield.
You have a pair of large antennae on your head. (SInv)
You have a beak for a mouth.
Your skin changes colour to match your surroundings (Stealth+).
You are agile. (Dex +2)
You are frail. (-10% HP)
Your magical capacity is low. (-10% MP)
Your spells are a little easier to cast, but a little less powerful.


Message History

Aim: Ereshkigal (silenced, moderately wounded, radiating silence, haloed)
The Shining One forbids your reflecting this monster.
Evoke which item? (* to show all) (? for menu, Esc to quit)
You open the lid... ...and a mature weirdfire beast leaps out!
The now-empty box falls apart.
You block the Executioner's attack.
The Executioner hits you but does no damage.
The Executioner closely misses you. You block the Executioner's attack.
The Executioner hits you but does no damage. x2
Your redback bites the Executioner!
The Executioner hits you.
* * * LOW HITPOINT WARNING * * *
The Executioner hits you but does no damage.
You block the Executioner's attack.
Your soldier ant misses the Executioner.
Your redback completely misses the Executioner.
You block the Executioner's attack.
The Executioner hits you but does no damage.
You block the Executioner's attack. Ereshkigal hits your soldier ant!
The Executioner hits you!
You die...

################.......#
...'....'...[))#.......#
.#.#.#.##.#..#.#.......#
...#....#......#.......#
#####.#.########)))....#
...............#.......#
.#.#.#.#.#.#.#.#.......#
...............#.H))...#
#.#.#.#.#.#.#.##@......#
...............#1......#
.#.#.#.#.#.#.#.#s......#
......[........#a).....#
######)#########&......#
............{&.........#
.......)....)...§......#
.......................#
......⌠................#


You could see Ereshkigal, an Executioner, a friendly mature weirdfire beast, a
friendly soldier ant and a friendly redback.

Vanquished Creatures
  Antaeus (Coc:7)
  the Serpent of Hell (Coc:7)
  2 ancient liches
  Sojobo (Vaults:3)
  8 shard shrikes
  Margery (Vaults:3)
  Geryon (Hell)
  A golden dragon (Depths:5)
  7 bone dragons
  13 Tzitzimimeh
  A profane servitor (Crypt:3)
  8 doom hounds
  An iron giant (Hell)
  Jorgrun (Vaults:3)
  12 Ice Fiends
  2 tentacled monstrosities (Depths:5)
  3 quicksilver dragons
  7 liches
  The ghost of Gargoyl the Fighter, an adept CeAK of Lugonu (Vaults:1)
  2 deep elf blademasters (Elf:3)
  2 deep elf master archers (Elf:3)
  6 ancient champions
  8 sphinxes
  Polyphemus (Shoals:4)
  9 shadow dragons
  2 revenants
  Ilsuiw (Shoals:4)
  The ghost of KleinerIrrer the Peltast, an adept FoFi of the Shining One (Shoals:3)
  3 storm dragons
  2 tengu reavers
  4 fire giants
  The ghost of Peloso the Peltast, a journeyman MiFi of Okawaru (Orc:1)
  An orc warlord (Depths:2)
  4 deep elf sorcerers
  3 ghost moths (Spider:4)
  8 vault wardens
  2 emperor scorpions
  5 ghouls
  Aizul (Vaults:2)
  10 frost giants
  A balrug (Depths:2)
  A draconian shifter (Depths:5)
  A spriggan defender (Depths:2)
  3 cacodemons (Hell)
  28 reapers
  12 very ugly things
  4 entropy weavers
  3 juggernaut skeletons (Depths:4)
  A caustic shrike skeleton (Depths:4)
  10 ironheart preservers
  A war gargoyle (Depths:2)
  15 stone giants
  10 vampire knights
  2 elemental wellsprings
  5 deep elf demonologists
  Nessos (Lair:5)
  8 deep elf annihilators
  Azrael (Elf:1)
  2 black draconians (Depths:5)
  A dire elephant (Lair:6)
  2 spark wasps
  2 lorocyprocas (Hell)
  A white draconian (Depths:5)
  12 purple draconians
  2 merfolk javelineers (Shoals:4)
  A green death (Hell)
  Snorg (Lair:4)
  3 eidola
  9 statues (WizLab)
  A fire dragon (shapeshifter) (Depths:3)
  13 blizzard demons
  6 ettins
  12 deep elf death magi
  10 ogre magi
  11 great orbs of eyes
  6 fire dragons
  A quicksilver dragon zombie (Tar:6)
  4 deep elf high priests
  15 jiangshi
  2 mummy priests (Tomb:1)
  3 kraken zombies
  5 merfolk impalers
  A minotaur (Lab)
  12 vault guards
  13 yaktaur captains
  7 hydras
  4 ghost crabs
  Erica (D:9)
  3 quicksilver dragon skeletons
  2 rakshasas
  2 spriggan air magi
  6 death knights
  30 ice dragons
  A merfolk avatar (Shoals:1)
  5 merfolk aquamancers
  An alligator snapping turtle (Shoals:1)
  2 catoblepae
  13 centaur warriors
  37 two-headed ogres
  11 deep troll shamans
  10 death yaks
  3 hell hogs (Dis:1)
  12 orc high priests
  11 vampire magi
  Sonja (Lair:2)
  6 titan zombies
  6 dancing weapons
  5 tengu warriors
  10 deep troll earth magi
  A spectral storm dragon (Crypt:3)
  3 satyrs
  7 spriggan berserkers
  An iron golem (Dis:3)
  7 sun demons
  4 storm dragon zombies
  20 deep elf knights
  4 soul eaters
  9 titan skeletons
  17 hell knights
  A shadow wraith (Crypt:3)
  8 iron trolls
  30 deep trolls
  A sea snake (shapeshifter) (Depths:5)
  8 anaconda zombies
  A quicksilver dragon simulacrum (Coc:7)
  114 skeletal warriors
  4 unseen horrors (D:14)
  2 sixfirhies
  14 sea snakes
  2 storm dragon skeletons
  A ghost moth zombie (Coc:7)
  11 shadow demons
  4 golden dragon zombies
  4 wizards
  9 flayed ghosts
  10 deep elf archers
  9 ironbrand convokers
  A lindwurm (Lair:6)
  4 small abominations
  A glowing orange brain (Vaults:4)
  2 death drakes (Tar:7)
  A golden dragon skeleton (Tar:7)
  A lindwurm (shapeshifter) (Elf:1)
  3 anaconda skeletons
  A spectral hydra (Crypt:3)
  12 phantasmal warriors
  A harpy (shapeshifter) (Vaults:4)
  15 necromancers
  16 harpies
  The ghost of Schimscham the Slasher, a novice GnWn (D:8)
  3 iron dragon zombies
  2 shadow dragon zombies
  13 orb spiders
  25 orc knights
  7 mana vipers
  21 ugly things
  4 orc sorcerers
  35 wolf spiders
  3 frost giant zombies
  2 tengu skeletons (Depths:4)
  7 stone giant zombies
  78 deep elf magi
  19 manticores
  13 fauns
  5 cyclopes
  2 wolf spider zombies
  A salamander (shapeshifter) (Elf:3)
  9 shadow dragon skeletons
  A frost giant skeleton (Coc:4)
  3 dire elephant zombies
  7 fire giant skeletons
  5 fire giant zombies
  2 elephants (Lair:6)
  2 iron dragon skeletons
  A sphinx skeleton (Depths:4)
  2 stone giant skeletons
  2 moths of wrath
  2 black mambas
  12 merfolk sirens
  10 rust devils
  A torpor snail (Lair:6)
  A spiny frog (shapeshifter) (Depths:1)
  5 ice statues
  3 orange demons
  11 spiny frogs
  15 vault sentinels
  The ghost of DildoBatman the Skirmisher, a novice FoEn of Ashenzari (D:5)
  A shock serpent zombie (Dis:1)
  2 spriggan skeletons (Depths:4)
  8 water nymphs
  3 emperor scorpion zombies
  4 centaur skeletons
  6 gargoyles
  7 rime drakes
  4 hellions
  4 kobold demonologists
  41 freezing wraiths
  2 guardian mummies (Tomb:1)
  53 yaktaurs
  10 demonic crawlers
  6 komodo dragons
  2 efreet
  4 red devils
  19 tormentors
  A red draconian skeleton (Tar:7)
  4 tengu conjurers
  33 ice devils
  A queen bee (Spider:3)
  22 merfolk
  A green draconian skeleton (Tar:7)
  6 trolls
  6 hydra zombies
  10 polar bears (IceCv)
  5 elf skeletons
  A large abomination (Crypt:3)
  8 wind drakes
  4 silent spectres
  25 jumping spiders
  6 meliai (Spider:3)
  7 hornets
  A wolf spider simulacrum (D:14)
  35 slime creatures
  A harpy skeleton (Coc:1)
  24 blink frogs
  4 ettin zombies
  6 dream sheep
  5 fire dragon zombies
  3 ice dragon zombies
  3 hydra skeletons
  A meliai zombie (D:10)
  7 snapping turtles
  A fire giant simulacrum (Crypt:1)
  12 hippogriffs
  7 alligator zombies
  4 bog bodies
  2 alligator skeletons
  109 flying skulls
  3 air elementals
  2 fire dragon skeletons (Tar:7)
  2 ice dragon skeletons
  A redback (shapeshifter) (Vaults:3)
  58 redbacks
  6 ettin skeletons
  14 wraiths
  40 water elementals
  27 shadows
  9 fire elementals
  88 yaks
  24 tarantellas
  7 wyverns
  A hog (shapeshifter) (Depths:1)
  3 basilisks
  2 yaks (shapeshifter)
  A human (D:8)
  4 hungry ghosts
  A yaktaur simulacrum (Vaults:1)
  6 vampire mosquitoes
  3 steam dragons (Shoals:2)
  14 wargs
  Menkaure (D:6)
  A soldier ant (D:12)
  Edmund (D:6)
  2 acid dragons
  8 water moccasins
  Duvessa (D:7)
  8 spiny frog zombies
  19 hell hounds
  40 orc warriors
  4 hydra simulacra
  4 sky beasts
  2 floating eyes (Depths:5)
  9 porcupines
  A spiny frog skeleton (Coc:7)
  3 eyes of draining
  A manticore zombie (Dis:4)
  A black mamba simulacrum (Crypt:1)
  4 snapping turtle zombies
  A swamp dragon zombie (Dis:1)
  4 phantoms
  32 wolves
  12 ice beasts
  2 alligator simulacra
  2 black bears
  An ettin simulacrum (Hell)
  2 snapping turtle skeletons
  An ogre (shapeshifter) (Depths:1)
  14 boggarts
  16 necrophages
  21 ogres
  2 manticore skeletons
  12 centaurs
  11 crocodiles
  An elf zombie (Tar:3)
  22 bullfrogs
  6 big kobolds
  A spiny frog simulacrum (Hell)
  A gnoll sergeant (D:9)
  A draconian skeleton (Crypt:1)
  Dowan (D:7)
  A wyvern skeleton (D:13)
  5 earth elementals
  2 scorpions
  26 killer bees
  A snapping turtle simulacrum (Crypt:3)
  50 wights
  11 howler monkeys
  A vampire bat (D:5)
  6 electric eels
  A bullfrog zombie (D:8)
  11 crimson imps
  4 centaur zombies
  6 hounds
  4 human zombies
  3 jellies
  A quasit (D:11)
  37 orc priests
  35 orc wizards
  A gnoll shaman (D:7)
  11 iron imps
  2 bullfrog skeletons
  A basilisk skeleton (Crypt:1)
  4 iguanas
  14 hell rats
  8 worker ants
  A naga zombie (Coc:5)
  An ogre zombie (Tar:1)
  A crocodile skeleton (Crypt:1)
  A hound zombie (Crypt:1)
  2 hound skeletons
  A worker ant zombie (D:11)
  7 mummies
  A howler monkey skeleton (D:11)
  8 gnolls
  A tengu simulacrum (Crypt:3)
  11 adders
  14 shadow imps
  13 white imps
  2 oozes
  An adder skeleton (D:5)
  2 adder zombies (D:5)
  4 worms
  2 dart slugs (D:2)
  3 fire bats (D:5)
  4 leopard geckos
  183 orcs
  2 spectral bats (D:5)
  3 ball pythons
  3 bat skeletons (D:5)
  A bat zombie (D:5)
  5 giant cockroaches
  2 gnoll zombies (Ossuary)
  3 goblins
  8 hobgoblins
  8 jackals
  13 kobolds
  4 quokkas
  20 bats
  A bat simulacrum (D:5)
  A frilled lizard (D:5)
  2 frilled lizard skeletons (Crypt:1)
  A kobold (shapeshifter) (D:14)
  A kobold zombie (Ossuary)
  A leopard gecko skeleton (D:4)
  2 orc zombies
  10 rats
  3 crawling corpses
  5 fungi
  8 plants
  7 tentacles
  3 withered plants (D:15)
3054 creatures vanquished.

Vanquished Creatures (collateral kills)
  A shard shrike (Coc:7)
  2 Ice Fiends (Coc:7)
  Donald (Shoals:2)
  A tengu reaver (Vaults:3)
  A frost giant (Shoals:4)
  2 emperor scorpions (Spider:4)
  A stone giant (Vaults:3)
  2 merfolk impalers (Shoals:4)
  An ice dragon (Coc:7)
  A catoblepas (Shoals:4)
  A wolf spider (Spider:1)
  3 fauns (Shoals:2)
  A vault sentinel (Vaults:3)
  2 freezing wraiths (Coc:7)
  A jumping spider (Spider:1)
  A hydra zombie (Coc:7)
  A merfolk (Shoals:4)
  A hornet (Spider:4)
  A flying skull (Coc:7)
  A redback (Spider:1)
  A white imp (Coc:7)
27 creatures vanquished.

Vanquished Creatures (others)
  An elemental wellspring (Coc:7)
  A stone giant (Depths:1)
  3 merfolk javelineers (Shoals:4)
  2 yaktaur captains
  A satyr (Shoals:3)
  2 deep elf archers (Elf:2)
  A deep elf mage (WizLab)
  4 fauns
  A vault sentinel (Vaults:4)
  15 yaktaurs
  A red devil (Hell)
  A jumping spider (Spider:1)
  A merfolk (Shoals:3)
  A bog body (Coc:7)
  A water elemental (Coc:7)
  A golden eye (shapeshifter) (Vaults:3)
  5 centaurs
  2 boggarts
  An ogre zombie (Hell)
  14 fungi
  51 plants
  6 tentacles
  A withered plant (D:15)
117 creatures vanquished.

Grand Total: 3198 creatures vanquished

Notes
Turn   | Place    | Note
-------+----------+-------------------------------------------
     0 | D:1      | KleinerIrrer the Formicid Fighter began the quest for the Orb.
     0 | D:1      | Reached XP level 1. HP: 18/18 MP: 1/1
   134 | D:1      | Reached XP level 2. HP: 24/24 MP: 2/2
   323 | D:1      | Reached XP level 3. HP: 28/29 MP: 3/3
   621 | D:2      | Found a radiant altar of Vehumet.
   627 | D:2      | Reached XP level 4. HP: 35/37 MP: 4/4
   942 | D:2      | Found a white marble altar of Elyvilon.
   950 | D:2      | Reached skill level 1 in Dodging
  1481 | D:3      | Reached XP level 5. HP: 25/42 MP: 5/5
  1753 | D:3      | Reached skill level 3 in Axes
  2214 | D:3      | Reached XP level 6. HP: 48/48 MP: 6/6
  2419 | D:4      | Reached skill level 5 in Shields
  2858 | D:4      | Found an opulent altar of Gozag.
  2913 | D:4      | Reached XP level 7. HP: 39/55 MP: 7/7
  3085 | D:4      | Found Hegim's Weapon Boutique.
  3101 | D:4      | Reached skill level 5 in Armour
  3114 | D:4      | Found Geskun's Antique Weapon Emporium.
  3213 | D:4      | Found Xihol's Antique Weapon Shop.
  3217 | D:4      | Bought a runed broad axe for 133 gold pieces
  3381 | D:5      | Entered Level 5 of the Dungeon
  3462 | D:5      | Noticed DildoBatman's ghost (novice FoEn)
  3475 | D:5      | Killed DildoBatman's ghost
  3475 | D:5      | Reached skill level 4 in Axes
  3475 | D:5      | Reached XP level 8. HP: 38/61 MP: 8/8
  3604 | D:5      | Reached skill level 5 in Fighting
  3604 | D:5      | Reached skill level 5 in Axes
  3730 | D:5      | Found a staircase to the Ecumenical Temple.
  3736 | Temple   | Entered the Ecumenical Temple
  3823 | Temple   | Became a worshipper of the Shining One
  4050 | D:5      | Found a glowing golden altar of the Shining One.
  4123 | D:5      | Reached skill level 6 in Axes
  4281 | D:5      | Reached XP level 9. HP: 67/68 MP: 9/9
  4302 | D:5      | Reached * piety under the Shining One
  4469 | D:6      | Reached skill level 7 in Axes
  4603 | D:6      | Noticed Edmund
  4613 | D:6      | Killed Edmund
  4726 | D:6      | Reached skill level 1 in Invocations
  4758 | D:6      | Noticed Menkaure
  4764 | D:6      | Killed Menkaure
  5056 | D:6      | Reached skill level 8 in Axes
  5174 | D:6      | Found a stormy altar of Qazlal.
  5176 | D:6      | Found a shimmering altar of Xom.
  5421 | D:7      | Found a sand-covered staircase.
  5429 | Ossuary  | Entered an ossuary
  5472 | Ossuary  | Reached ** piety under the Shining One
  5646 | D:7      | Noticed Duvessa
  5646 | D:7      | Noticed Dowan
  5654 | D:7      | Killed Duvessa
  5659 | D:7      | Killed Dowan
  5910 | D:7      | Reached skill level 9 in Axes
  5910 | D:7      | Reached XP level 10. HP: 76/76 MP: 11/11
  6692 | D:8      | Reached *** piety under the Shining One
  6723 | D:8      | Reached skill level 10 in Axes
  6902 | D:8      | Noticed Schimscham's ghost (novice GnWn)
  6916 | D:8      | Killed Schimscham's ghost
  7134 | D:8      | Noticed a two-headed ogre
  7143 | D:8      | Killed a two-headed ogre
  7960 | D:9      | Reached skill level 11 in Axes
  7960 | D:9      | Reached XP level 11. HP: 78/83 MP: 14/14
  8064 | D:9      | Found a staircase to the Orcish Mines.
  8360 | D:9      | Noticed Erica
  8361 | D:9      | Found a bloodstained altar of Trog.
  8379 | D:9      | Killed Erica
  8379 | D:9      | Reached skill level 5 in Invocations
  8504 | D:9      | Got a translucent leather armour
  8515 | D:9      | Identified the +1 leather armour of the Moneychanger {rElec MP+9} (You took it off an orc priest on level 9 of the Dungeon)
  8740 | D:10     | Entered Level 10 of the Dungeon
  8768 | D:10     | Noticed a two-headed ogre
  8777 | D:10     | Killed a two-headed ogre
  8777 | D:10     | Reached skill level 12 in Axes
  8791 | D:10     | Noticed a two-headed ogre
  8800 | D:10     | Killed a two-headed ogre
  8906 | D:10     | Found a stormy altar of Qazlal.
  9282 | D:10     | Found a staircase to the Lair.
  9935 | Lair:1   | Entered Level 1 of the Lair of Beasts
 10232 | Lair:1   | Reached XP level 12. HP: 70/91 MP: 12/16
 10375 | Lair:1   | Reached skill level 13 in Axes
 10471 | Lair:1   | Noticed a four-headed hydra
 10480 | Lair:1   | Killed a four-headed hydra
 11227 | Lair:2   | Reached skill level 10 in Armour
 11291 | Lair:2   | Reached skill level 14 in Axes
 11344 | Lair:2   | Noticed a catoblepas
 11365 | Lair:2   | Killed a catoblepas
 11749 | Lair:2   | Found a staircase to the Shoals.
 11751 | Lair:2   | Noticed Sonja
 11762 | Lair:2   | Reached XP level 13. HP: 78/98 MP: 14/18
 11766 | Lair:2   | Killed Sonja
 12423 | Lair:3   | Noticed a six-headed hydra
 12457 | Lair:3   | Killed a six-headed hydra
 12989 | Lair:3   | Found a hole to the Spider Nest.
 13808 | Lair:4   | Found a frozen archway.
 13838 | IceCv    | Entered an ice cave
 13938 | IceCv    | Reached skill level 15 in Axes
 14128 | IceCv    | Reached **** piety under the Shining One
 14619 | IceCv    | Reached XP level 14. HP: 83/106 MP: 15/20
 14756 | IceCv    | Noticed a frost giant
 14777 | IceCv    | Killed a frost giant
 14838 | IceCv    | Got a translucent halberd
 15103 | Lair:1   | Identified the +5 halberd "Gekkos" {venom, *Contam rElec Str+3 Int+5} (You found it in an ice cave)
 15129 | Lair:1   | Gained mutation: Armour fits poorly on your strangely shaped body. [mutagenic glow]
 15228 | Lair:4   | Reached skill level 16 in Axes
 15619 | Lair:4   | Reached skill level 1 in Crossbows
 15751 | Lair:4   | Noticed Snorg
 15762 | Lair:4   | Killed Snorg
 16076 | Lair:5   | Noticed Nessos
 17016 | Lair:5   | Killed Nessos
 17610 | Lair:6   | Entered Level 6 of the Lair of Beasts
 17796 | Lair:6   | Reached skill level 10 in Shields
 18692 | Lair:6   | Found a staircase to the Slime Pits.
 18697 | Lair:6   | Found a viscous altar of Jiyva.
 18730 | Lair:6   | Reached XP level 15. HP: 82/114 MP: 15/22
 20034 | Lair:6   | Reached skill level 10 in Invocations
 20245 | Lair:6   | Reached XP level 16. HP: 120/120 MP: 23/23
 20296 | Lair:6   | Reached skill level 17 in Axes
 21200 | Lair:6   | Got dazzling gold dragon scales
 21217 | Lair:6   | Identified the +12 gold dragon scales of Twilight {rPois rF+ rC+ Dex+4} (You found it on level 6 of the Lair of Beasts)
 21491 | Orc:1    | Entered Level 1 of the Orcish Mines
 21643 | Orc:1    | Noticed Peloso's ghost (journeyman MiFi)
 21668 | Orc:1    | Killed Peloso's ghost
 22027 | Orc:2    | Entered Level 2 of the Orcish Mines
 22350 | Orc:2    | Found a roughly hewn altar of Beogh.
 22503 | Orc:2    | Reached ***** piety under the Shining One
 22523 | Orc:2    | Found Fenif's Assorted Antiques.
 22569 | Orc:2    | Gained mutation: You do not regenerate when monsters are visible. [a neqoxec]
 23003 | Orc:2    | Reached skill level 10 in Fighting
 23220 | Orc:2    | Found Xyptodd's General Store.
 23220 | Orc:2    | Found Agod's Jewellery Emporium.
 23495 | Orc:2    | Found a staircase to the Elven Halls.
 23578 | Orc:2    | Found Etruot's Jewellery Emporium.
 23578 | Orc:2    | Found Soraitz's Distillery.
 23873 | Orc:2    | Bought a wavering pewter ring for 140 gold pieces
 23873 | Orc:2    | Bought 2 scrolls of identify for 112 gold pieces
 23877 | Orc:2    | Identified the ring "Ariwkooq" {rPois rF+ rC+ MR+} (You bought it in a shop on level 2 of the Orcish Mines)
 23945 | Elf:1    | Entered Level 1 of the Elven Halls
 24363 | Orc:2    | Bought a potion of might for 52 gold pieces
 24363 | Orc:2    | Bought a potion of heal wounds for 65 gold pieces
 24363 | Orc:2    | Bought a potion of heal wounds for 65 gold pieces
 24363 | Orc:2    | Bought a potion of curing for 39 gold pieces
 24363 | Orc:2    | Bought a potion of curing for 39 gold pieces
 24749 | D:11     | Got an ivory spear {vamp}
 25058 | D:11     | Found Vueruigo's Gadget Shoppe.
 25401 | D:12     | Reached XP level 17. HP: 128/128 MP: 24/24
 25412 | D:12     | Reached skill level 18 in Axes
 25447 | D:12     | Found Maseirep's Magic Scroll Shoppe.
 25574 | D:12     | Bought a scroll of enchant armour for 105 gold pieces
 25950 | D:13     | Reached ****** piety under the Shining One
 26175 | D:13     | Found a basalt altar of Yredelemnul.
 26490 | D:13     | Identified the Disquisition on Attacks
 26930 | D:14     | Found a gate to the Vaults.
 26950 | D:14     | Reached skill level 19 in Axes
 27300 | Lair:1   | Identified the +6 spear "Femenig" {vamp, Str+2} (You took it off an orc wizard on level 11 of the Dungeon)
 27690 | D:14     | Found a glowing golden altar of the Shining One.
 27786 | D:15     | Entered Level 15 of the Dungeon
 27823 | D:15     | Found a labyrinth entrance.
 27847 | Lab      | Entered a labyrinth
 29157 | D:15     | Found a staircase to the Depths.
 29499 | D:15     | Found Iteep's General Store.
 30174 | D:15     | Found a blossoming altar of Fedhas.
 30458 | Elf:1    | Noticed a Brimstone Fiend
 30464 | Elf:1    | Reached XP level 18. HP: 108/134 MP: 21/26
 31029 | Elf:1    | Noticed Azrael
 31044 | Elf:1    | Killed Azrael
 31739 | Elf:1    | Found a portal to a secret trove of treasure.
 32645 | Elf:2    | Reached skill level 20 in Axes
 32769 | Elf:2    | Found Puru's Assorted Antiques.
 32772 | Elf:2    | Bought a translucent war axe for 178 gold pieces
 32772 | Elf:2    | Identified the +7 war axe of Watchfulness {freeze, +Rage rPois MR+ Str-3} (You bought it in a shop on level 2 of the Elven Halls)
 33128 | Elf:2    | Reached skill level 10 in Crossbows
 33921 | Elf:3    | Entered Level 3 of the Elven Halls
 34016 | Elf:3    | Reached XP level 19. HP: 140/140 MP: 27/27
 35072 | Elf:3    | Got a shimmering steel ring
 35079 | Elf:3    | Got a polished scimitar {slice}
 35079 | Elf:3    | Got a faintly glowing large shield
 35090 | Elf:3    | Identified the +2 large shield "Raroosico" {rF+ rC+ rN+ Str+2} (You took it off a deep elf mage on level 3 of the Elven Halls)
 35090 | Elf:3    | Identified the +10 scimitar of Jaush {slice, rPois MR+ Stlth+} (You took it off a deep elf mage on level 3 of the Elven Halls)
 35200 | Elf:3    | Identified the ring "Luisk" {rPois rF+ MP+9 Slay+2} (You took it off a deep elf mage on level 3 of the Elven Halls)
 35249 | Elf:3    | Noticed a deep elf blademaster
 35265 | Elf:3    | Killed a deep elf blademaster
 35618 | Elf:3    | Reached skill level 15 in Armour
 35625 | Elf:3    | Noticed a Hell Sentinel
 35755 | Elf:3    | Noticed a deep elf blademaster
 35773 | Elf:3    | Killed a deep elf blademaster
 36207 | Elf:3    | Got a vibrating glass ring
 36431 | Elf:3    | Noticed a Brimstone Fiend
 36696 | Elf:3    | Got a dazzling shortbow
 36702 | Elf:3    | Identified the Incunabulum of Poison and Feathers
 36871 | Elf:3    | Got a warped shortbow
 36872 | Elf:3    | Identified the +6 shortbow "Gintuepn" {velocity, rC+} (You found it on level 3 of the Elven Halls)
 36873 | Elf:3    | Identified the +4 shortbow of Resumed Hostilities {venom, Int+3} (You found it on level 3 of the Elven Halls)
 36905 | Elf:3    | Identified the ring "Nykox" {Ice *Drain rElec Str+3 Dex+4} (You took it off a deep elf annihilator on level 3 of the Elven Halls)
 36918 | Elf:3    | Got an ichor-stained war axe
 36919 | Elf:3    | Identified the +4 war axe of Fedhas's Fury {freeze, rF+} (You found it on level 3 of the Elven Halls)
 37236 | Lair:1   | Got a pair of brightly glowing gloves
 37255 | Lair:1   | Identified the +1 pair of gloves of the Merchant {Str+6} (You found it on level 1 of the Lair of Beasts)
 37260 | Lair:1   | Lost mutation: Armour fits poorly on your strangely shaped body. [potion of mutation]
 37260 | Lair:1   | Lost mutation: You do not regenerate when monsters are visible. [potion of mutation]
 37260 | Lair:1   | Gained mutation: You have a beak for a mouth. [potion of mutation]
 37260 | Lair:1   | Gained mutation: You are frail. (-10% HP) [potion of mutation]
 37260 | Lair:1   | Gained mutation: You are agile. (Dex +2) [potion of mutation]
 37260 | Lair:1   | Gained mutation: Your skin changes colour to match your surroundings (Stealth+). [potion of mutation]
 37330 | Shoals:1 | Entered Level 1 of the Shoals
 37534 | Shoals:1 | Reached skill level 21 in Axes
 37978 | Shoals:1 | Got a coiled silver ring
 37980 | Shoals:1 | Identified the ring of Foixo {rElec MR+ Slay-3 Stlth+} (You found it on level 1 of the Shoals)
 38003 | Shoals:2 | Noticed Donald
 38016 | Shoals:2 | Reached XP level 20. HP: 121/132 MP: 29/29
 38034 | Shoals:2 | Killed Donald
 38506 | Shoals:2 | Found Guimm's Gadget Shoppe.
 38938 | Shoals:2 | Found Pios's Assorted Antiques.
 38955 | Shoals:2 | Bought a scroll of enchant weapon for 187 gold pieces
 38955 | Shoals:2 | Bought a scroll of identify for 50 gold pieces
 38993 | Shoals:2 | Found Deifeano's Antique Weapon Boutique.
 39134 | Shoals:2 | Found Ceor Ama's Gadget Shop.
 39832 | Shoals:3 | Noticed KleinerIrrer's ghost (adept FoFi)
 39885 | Shoals:3 | Killed KleinerIrrer's ghost
 40352 | Shoals:4 | Entered Level 4 of the Shoals
 40357 | Shoals:4 | Noticed Ilsuiw
 40463 | Shoals:4 | Killed Ilsuiw
 40843 | Shoals:4 | Reached skill level 15 in Shields
 41252 | Shoals:4 | Noticed Polyphemus
 41412 | Shoals:4 | Killed Polyphemus
 41876 | Shoals:4 | Got a barnacled rune of Zot
 42150 | Shoals:4 | Reached skill level 1 in Evocations
 42692 | Vaults:1 | Entered Level 1 of the Vaults
 42736 | Vaults:1 | Reached XP level 21. HP: 72/137 MP: 28/30
 43084 | Vaults:1 | Noticed Gargoyl's ghost (adept CeAK)
 43121 | Vaults:1 | Killed Gargoyl's ghost
 43792 | Vaults:1 | Found an iron altar of Okawaru.
 44357 | Vaults:2 | Found a magical portal.
 44393 | WizLab   | Entered Iskenderun's Mystic Tower
 45728 | WizLab   | Identified the Compendium of Shape Shifting and the Escort
 45744 | WizLab   | Identified Iskenderun's Almanac of Combat Magic
 45744 | WizLab   | Identified Iskenderun's Compendium of Confrontation
 45985 | Vaults:2 | Reached skill level 5 in Evocations
 46059 | Vaults:2 | Reached XP level 22. HP: 147/148 MP: 31/31
 46252 | Vaults:2 | Found a staircase to the Crypt.
 47490 | Vaults:3 | Noticed Sojobo
 47530 | Vaults:3 | Killed Sojobo
 47947 | Vaults:3 | Noticed Jorgrun
 47959 | Vaults:3 | Killed Jorgrun
 48016 | Vaults:3 | Got a pair of distressingly furry boots
 48027 | Vaults:3 | Identified the cursed +0 pair of boots "Fima" {rCorr} (You found it on level 3 of the Vaults)
 48674 | Shoals:2 | Bought a potion of heal wounds for 125 gold pieces
 49218 | Vaults:3 | Noticed Margery
 49229 | Vaults:3 | Killed Margery
 49253 | Vaults:3 | Reached XP level 23. HP: 120/157 MP: 32/32
 49818 | Vaults:4 | Found Jycyhick's Distillery.
 49834 | Vaults:4 | Bought 2 potions of curing for 108 gold pieces
 49834 | Vaults:4 | Bought a potion of heal wounds for 90 gold pieces
 49834 | Vaults:4 | Bought a potion of might for 72 gold pieces
 51429 | Spider:1 | Entered Level 1 of the Spider Nest
 54635 | Spider:3 | Got a shimmering scimitar
 54636 | Spider:3 | Identified the +9 scimitar of Myahuer {pain, -Tele rF+ Dex+4 Stlth+} (You found it on level 3 of the Spider Nest)
 55087 | Spider:4 | Entered Level 4 of the Spider Nest
 55311 | Spider:4 | Reached XP level 24. HP: 166/166 MP: 32/32
 56175 | Spider:4 | Got a gossamer rune of Zot
 56639 | Depths:1 | Entered Level 1 of the Depths
 57229 | Depths:1 | Found Texi's One-of-a-Kind Books.
 57598 | Depths:1 | Found a gateway to Hell.
 57782 | Depths:2 | Found Gozunan's Assorted Antiques.
 57868 | Depths:2 | Reached skill level 10 in Evocations
 58039 | Depths:2 | Found Titril's Armour Shoppe.
 58341 | Depths:2 | Bought the +0 cloak "Doemal" {Regen+ Slay+2} for 338 gold pieces
 58394 | Depths:2 | Reached XP level 25. HP: 98/173 MP: 32/32
 58769 | Depths:2 | Noticed an ancient lich
 58769 | Depths:2 | Found a gateway to a ziggurat.
 58770 | Depths:2 | Noticed an ancient lich
 58988 | Depths:2 | Found a runed door.
 59289 | Depths:2 | Reached skill level 15 in Fighting
 59830 | Depths:2 | Found a runed door.
 59837 | Depths:2 | Noticed an ancient lich
 59849 | Depths:2 | Killed an ancient lich
 59877 | Depths:2 | Found a runed door.
 59891 | Depths:2 | Reached skill level 15 in Crossbows
 59975 | Depths:3 | Found a one-way gate leading to the halls of Pandemonium.
 60033 | Depths:3 | Found Femith's Jewellery Shop.
 60034 | Depths:3 | Found Bul Fuchu's Gadget Emporium.
 60047 | Depths:3 | Found Soodgh's Jewellery Shop.
 60170 | Depths:3 | Found a one-way gate to the infinite horrors of the Abyss.
 60456 | Depths:3 | Reached skill level 22 in Axes
 61409 | Depths:4 | Reached XP level 26. HP: 144/181 MP: 32/32
 61781 | Depths:4 | Got an encrusted halberd
 61782 | Depths:4 | Identified the +4 halberd "Weolaz" {freeze, *Noise rPois Int+8 Dex-3} (You found it on level 4 of the Depths)
 62158 | Depths:5 | Entered Level 5 of the Depths
 62561 | Depths:5 | Found a gate to the Realm of Zot.
 63621 | Crypt:1  | Entered Level 1 of the Crypt
 63697 | Crypt:1  | Noticed Aizul
 63709 | Crypt:1  | Killed Aizul
 63915 | Vaults:2 | Killed the ghostly Aizul
 64454 | Crypt:1  | Reached XP level 27. HP: 190/190 MP: 32/32
 64983 | Crypt:3  | Entered Level 3 of the Crypt
 65242 | Crypt:3  | Found an ancient bone altar of Kikubaaqudgha.
 65412 | Crypt:3  | Reached skill level 23 in Axes
 65448 | Crypt:3  | Identified the Papyrus of Darkness
 65675 | Crypt:3  | Got a slimy steel amulet
 65679 | Crypt:3  | Identified the amulet of Lacowohen {rPois MR+ Regen+} (You found it on level 3 of the Crypt)
 65685 | Crypt:3  | Got a scorched granite ring
 65697 | Crypt:3  | Identified the ring of Qufattoc {rN+ Str+4} (You found it on level 3 of the Crypt)
 65870 | Crypt:3  | Identified a +7 executioner's axe of holy wrath (a +5 executioner's axe of freezing blessed by the Shining One)
 65870 | Crypt:3  | Received a gift from the Shining One
 66681 | Crypt:3  | Found a staircase to the Tomb.
 66681 | Crypt:3  | Noticed an ancient lich
 66686 | Crypt:3  | Killed an ancient lich
 67341 | Tomb:1   | Entered Level 1 of the Tomb of the Ancients
 68308 | Hell     | Entered the Vestibule of Hell
 68308 | Hell     | Noticed Geryon
 68580 | Hell     | Killed Geryon
 68589 | Hell     | Gained mutation: Your magical capacity is low. (-10% MP) [a cacodemon]
 68852 | Depths:1 | Found Texi's One-of-a-Kind Books.
 69245 | Elf:1    | You paid a toll of the horn of Geryon to enter a treasure trove
 69246 | Trove    | Entered a treasure trove
 69277 | Trove    | Found the ring of the Octopus King
 69278 | Trove    | Got a ring of the Octopus King
 69282 | Trove    | Got a glittering emerald amulet
 69350 | Elf:1    | Identified a ring of the Octopus King {rN+ AC+1 EV+1 Str+1 Int+1 Dex+1} (You found it in a treasure trove)
 69354 | Elf:1    | Identified the amulet "Uxorumik" {Harm *Drain Int+2} (You found it in a treasure trove)
 69684 | Hell     | Found a gateway to the Iron City of Dis.
 69743 | Dis:1    | Entered Level 1 of the Iron City of Dis
 70398 | Dis:2    | Reached skill level 24 in Axes
 70861 | Hell     | Found a gateway to the ashen valley of Gehenna.
 70916 | Hell     | Found a gateway to the decaying netherworld of Tartarus.
 71060 | Hell     | Found a gateway to the freezing wastes of Cocytus.
 71109 | Coc:1    | Entered Level 1 of Cocytus
 71313 | Coc:1    | Noticed a shard shrike
 71321 | Coc:1    | Killed a shard shrike
 71972 | Coc:7    | Entered Level 7 of Cocytus
 72053 | Coc:7    | Reached skill level 25 in Axes
 72199 | Coc:7    | Noticed a shard shrike
 72200 | Coc:7    | Noticed a shard shrike
 72200 | Coc:7    | Noticed a shard shrike
 72200 | Coc:7    | Noticed a shard shrike
 72208 | Coc:7    | Killed a shard shrike
 72212 | Coc:7    | Killed a shard shrike
 72218 | Coc:7    | Killed a shard shrike
 72222 | Coc:7    | Killed a shard shrike
 72375 | Coc:7    | Noticed a shard shrike
 72376 | Coc:7    | Noticed a shard shrike
 72385 | Coc:7    | Killed a shard shrike
 72386 | Coc:7    | Killed a shard shrike
 72443 | Coc:7    | Noticed the Serpent of Hell
 72454 | Coc:7    | Killed the Serpent of Hell
 72614 | Coc:7    | Noticed Antaeus
 72649 | Coc:7    | Killed Antaeus
 72716 | Coc:7    | Got an iridescent mace
 72717 | Coc:7    | Identified the +2 mace of Mohaeps {crush, rF++ Stlth+} (You found it on level 7 of Cocytus)
 72823 | Coc:7    | Got a transparent sapphire amulet
 72866 | Coc:7    | Got an icy rune of Zot
 72916 | Coc:7    | Reached skill level 26 in Axes
 72949 | Coc:7    | Noticed a shard shrike
 72952 | Coc:7    | Killed a shard shrike
 73101 | Coc:7    | Noticed a shard shrike
 73105 | Coc:7    | Killed a shard shrike
 73387 | Tar:1    | Entered Level 1 of Tartarus
 73550 | Tar:1    | You fall through a shaft!
 74153 | Tar:6    | Gained mutation: Your spells are a little easier to cast, but a little less powerful. [a neqoxec]
 74262 | Tar:7    | Entered Level 7 of Tartarus
 74574 | Tar:7    | Got a blackened flail {crush}
 74575 | Tar:7    | Identified the +8 flail of Hexit {crush, Fragile rN+ Str+5} (You took it off a skeletal warrior on level 7 of Tartarus)
 74598 | Tar:7    | Identified Piyw's Handbook of the Oath and Conjuration
 75020 | Tar:7    | Reached skill level 27 in Axes
 75278 | Tar:7    | Reached skill level 5 in Dodging
 75299 | Tar:7    | Noticed Ereshkigal
 75353 | Tar:7    | HP: 8/189 [Executioner[Ereshkigal] (5)]
 75355 | Tar:7    | Mangled by an Executioner

Skill      XL: |  1  2  3  4  5  6  7  8  9 10 11 12 13 14 15 16 17 18 19 20 21 22 23 24 25 26 27 |
---------------+----------------------------------------------------------------------------------+-----
Shields        | 4 5 6 7 8 9 10 11 12 13 15 17 18 19 20 21 22 25 | 25.0
Dodging        | 1 2 5 |  5.0
Armour         | 4 6 7 8 9 10 11 12 13 14 15 16 17 18 19 20 22 | 22.0
Axes           | 3 4 6 9 11 12 14 15 16 17 19 20 21 22 27 | 27.0
Fighting       | 4 5 6 7 8 9 10 11 13 14 15 16 19 | 19.6
Invocations    | 2 4 6 7 8 9 10 11 12 | 12.0
Crossbows      | 3 7 8 9 10 12 13 14 15 16 18 | 18.3
Evocations     | 1 5 7 9 10 | 10.1

Action                   |  1- 3 |  4- 6 |  7- 9 | 10-12 | 13-15 | 16-18 | 19-21 | 22-24 | 25-27 || total
-------------------------+-------+-------+-------+-------+-------+-------+-------+-------+-------++-------
Melee: War axe           |    17 |       |       |       |       |   169 |  1230 |  1419 |  1537 ||  4372
       Mace              |    52 |   217 |    12 |     8 |    24 |    15 |       |       |       ||   328
       Broad axe         |       |       |   214 |   450 |   601 |  1103 |       |       |       ||  2368
       Battleaxe         |       |       |       |       |       |    27 |       |       |       ||    27
       Peck              |       |       |       |       |       |       |   346 |   470 |   922 ||  1738
       Executioner's axe |       |       |       |       |       |       |       |       |  1336 ||  1336
 Fire: Arbalest          |       |       |       |       |    25 |    16 |    47 |       |   160 ||   248
Invok: Divine Shield     |       |       |       |     7 |     5 |     5 |     8 |     5 |     5 ||    35
       Summon Divine War |       |       |       |       |       |       |     5 |     6 |     8 ||    19
       Cleansing Flame   |       |       |       |       |       |       |       |       |     5 ||     5
       Brand Weapon With |       |       |       |       |       |       |       |       |     1 ||     1
Evoke: Wand              |       |       |       |       |     6 |       |       |       |       ||     6
       Box of beasts     |       |       |       |       |       |       |       |       |     1 ||     1
       Sack of spiders   |       |       |       |       |       |       |       |       |     1 ||     1
  Use: Scroll            |       |     1 |    17 |     1 |    12 |    12 |    10 |     7 |    13 ||    73
       Potion            |       |       |       |       |     3 |     3 |     7 |     8 |     4 ||    25
  Eat: Chunk             |       |     5 |     5 |    12 |    28 |    18 |    35 |    25 |    22 ||   150
       Ration            |       |     1 |     1 |     2 |       |     8 |     2 |     5 |    11 ||    30
Armor: Scale mail        |    30 |    37 |       |       |       |       |       |       |       ||    67
       Chain mail        |       |    49 |       |       |       |       |       |       |       ||    49
       Plate armour      |       |    21 |   146 |   184 |   225 |    15 |       |       |       ||   591
       Gold dragon scale |       |       |       |       |       |   496 |   343 |   468 |   920 ||  2227
Dodge: Dodged            |    31 |    66 |    59 |   142 |   129 |   165 |   128 |   220 |   340 ||  1280
Block: Shield            |    42 |   111 |   108 |   296 |   343 |   448 |       |       |       ||  1348
       Large shield      |       |       |       |       |       |   394 |  1145 |  1651 |  3055 ||  6245
       Reflection        |       |       |       |       |       |    33 |   181 |   100 |    66 ||   380
